 Dungeon Crawl Stone Soup version 0.29.0-11-gd7f09526c8 (webtiles) character file.

Game seed: 11627074173785099086

141 Powertoast the Chopper (level 5, -4/32 HPs)
             Began as a Gargoyle Fighter on Sept 3, 2022.
             Slain by a gnoll
             ... wielding a +0 halberd of venom
              (9 damage)
             ... on level 3 of the Dungeon.
             The game lasted 00:05:38 (2033 turns).

Powertoast the Chopper (Gargoyle Fighter)           Turns: 2033, Time: 00:05:39

Health: -4/32      AC: 12    Str: 27    XL:     5   Next: 24%
Magic:  5/5        EV:  9    Int:  9    God:
Gold:   127        SH:  4    Dex:  9    Spells: 4/4 levels left

rFire   . . .      SeeInvis .   a - +0 war axe
rCold   . . .      Faith    .   c - +0 buckler
rNeg    + . .      Spirit   .   b - +0 scale mail
rPois   ∞          Reflect  .   (no helmet)
rElec   +          Harm     .   m - +0 cloak
rCorr   .          Rampage  .   (no gloves)
Will    +....                   (no boots)
Stlth   ..........              h - amulet of the acrobat
HPRegen 0.10/turn               s - +6 ring of strength
MPRegen 0.09/turn               q - ring of willpower

@: mighty
A: sickness immunity, AC +4, negative energy resistance 1, electricity
resistance, torment resistance 1, petrification resistance
a: no special abilities


You were on level 3 of the Dungeon.
You visited 1 branch of the dungeon, and saw 3 of its levels.

You collected 127 gold pieces.

Inventory:

Hand Weapons
 a - a +0 war axe (weapon)
Missiles
 t - 4 boomerangs (quivered)
Armour
 b - a +0 scale mail (worn)
 c - a +0 buckler (worn)
 m - a +0 cloak (worn)
Jewellery
 h - an amulet of the acrobat (around neck)
 q - a ring of willpower (right hand)
 s - a +6 ring of strength (left hand)
Scrolls
 e - 2 scrolls of noise {unknown}
 f - 2 scrolls of amnesia {unknown}
 g - a scroll of magic mapping {unknown}
 i - 3 scrolls of identify {unknown}
 j - a scroll of teleportation {unknown}
 r - a scroll of enchant weapon {unknown}
Potions
 k - 2 potions of mutation {unknown}
 l - 2 potions of degeneration {unknown}
 n - a potion of magic {unknown}
 o - a potion of curing {unknown}
 p - 2 potions of lignification {unknown}


   Skills:
 - Level 3.4 Fighting
 + Level 4.5 Axes
 - Level 3.4 Armour
 - Level 3.4 Shields


You had 4 spell levels left.
You didn't know any spells.
Your spell library was empty.

Dungeon Overview and Level Annotations

Branches:
Dungeon (3/15)

Altars:
Ashenzari

Shops:
D:2 =(

Annotations:
D:3 1 transporter, Insertrandomname's ghost, amateur DrEn


Innate Abilities, Weirdness & Mutations

You are immune to sickness and miasma.
Your stone body is resilient. (AC +4)
You are immune to poison.
You resist negative energy. (rN+)
You are resistant to electric shocks. (rElec)
You are resistant to unholy torment.
You are immune to petrification.


Message History

You struggle against the net.
The gnoll hits you from afar with a +0 halberd of venom.
You tear a large gash into the net.
The gnoll barely misses you. x2
You rip the net and break free!
The gnoll hits you from afar with a +0 halberd of venom.
The gnoll barely misses you.
You closely miss the gnoll. You block the gnoll's attack.
The gnoll barely misses you. The gnoll hits you but does no damage.
The gnoll barely misses you.
The gnoll hits you but does no damage. x2
You hit the gnoll.
The gnoll is moderately wounded.
The gnoll completely misses you.
The gnoll hits you from afar with a +0 halberd of venom!
The gnoll completely misses you.
You closely miss the gnoll.
The gnoll is moderately wounded.
The gnoll hits you but does no damage. The gnoll closely misses you.
The gnoll hits you but does no damage.
You barely miss the gnoll.
The gnoll is moderately wounded.
You block the gnoll's attack. x2; The gnoll zaps a wand.
Your mind is blasted!
You barely miss the gnoll.
The gnoll is moderately wounded.
The gnoll barely misses you.
The gnoll hits you from afar with a +0 halberd of venom.
* * * LOW HITPOINT WARNING * * *
The gnoll misses you. The gnoll hits you but does no damage.
The gnoll closely misses you. The gnoll hits you but does no damage.
You feel very mighty all of a sudden. The gnoll barely misses you.
The gnoll zaps a wand.
You resist with some effort. The gnoll completely misses you.
You completely miss the gnoll.
The gnoll is moderately wounded.
The gnoll completely misses you. The gnoll misses you.
The gnoll hits you but does no damage.
You slash the gnoll!
The gnoll is almost dead.
The gnoll hits you but does no damage.
The gnoll hits you from afar with a +0 halberd of venom!
You die...

#...≈≈##.###.###g##≈≈....#####
.....#.≈≈#...........#≈≈.........
##.###.≈≈###.##'##.###≈≈.#..#####
# #.≈≈..#?#$$$#.#..≈≈.#..#...> ##
#.≈≈.##.#...#.##.≈≈.)..#....
...###.≈≈.#©.#):"#..#.≈≈.##.#....
.......≈≈.##.#####.##.≈≈..#......
.####......#.#8⌠8#g#..≈≈..###....
#.....©#.+.©@g.#©.~~..###....
#......#.#P..#g#..≈≈.........
##.≈≈.##.##.##.##.≈≈..####.##
#.≈≈.#..#P.P#g.#.≈≈..####.#
#.≈≈.##.#⌠.⌠#.##.≈≈....##.#
#.≈≈..# #P.P#g#..≈≈..#.##.#
#.≈≈###.##+##.###≈≈.##.##.#
#.≈≈#g.........g#≈≈.......#
..≈≈##. #.# g# ≈≈.##.####


You could see 3 gnolls.

Vanquished Creatures
  Robin (D:2)
  5 adders
  A gnoll (D:3)
  A worm (D:2)
  3 dart slugs
  A bat (D:3)
  2 endoplasms
  2 giant cockroaches (D:1)
  14 goblins
  8 hobgoblins
  7 jackals
  4 kobolds
  4 quokkas
  2 ball pythons
  2 frilled lizards
  4 rats (D:1)
61 creatures vanquished.

Vanquished Creatures (others)
  A plant (D:3)
1 creature vanquished.

Grand Total: 62 creatures vanquished

Notes
Turn   | Place    | Note
-------+----------+-------------------------------------------
     0 | D:1      | Powertoast the Gargoyle Fighter began the quest for the
                  | Orb.
     0 | D:1      | Reached XP level 1. HP: 14/14 MP: 1/1
   221 | D:1      | Reached skill level 2 in Axes
   221 | D:1      | Reached XP level 2. HP: 19/19 MP: 2/2
   604 | D:1      | Reached XP level 3. HP: 20/23 MP: 3/3
   828 | D:2      | Reached skill level 3 in Axes
  1160 | D:2      | Found Noageuci's Jewellery Shoppe.
  1222 | D:2      | Noticed Robin
  1231 | D:2      | Killed Robin
  1232 | D:2      | Reached XP level 4. HP: 26/28 MP: 4/4
  1305 | D:2      | Found a broken altar of Ashenzari.
  1367 | D:2      | Found Wehij's Antique Weapon Shoppe.
  1380 | D:2      | Reached skill level 4 in Axes
  1587 | D:2      | Reached XP level 5. HP: 29/32 MP: 5/5
  1922 | D:3      | Noticed Insertrandomname's ghost (amateur DrEn)
  1999 | D:3      | Found a transporter.
  1999 | D:3      | Found a transporter.
  2033 | D:3      | Slain by a gnoll

Illustrated notes

Levels and vault maps discovered:
D:1:      minmay_arrival_loop, layout_loops_ring
D:2:      layout_basic, serial_shops, shop, nicolae_shop_trees, basic_altar,
          uniq_robin
D:3:      layout_loops_cross, worldfamousw_hep_ancestral_shrine,
          ebering_ecumenical_altar_box, gammafunk_ghost_gnarly_gnolls,
          minmay_misc_feat_rows, minivault_14, kennysheep_generic_room_16

Skill      XL: |  1  2  3  4 |
---------------+-------------+-----
Axes           | 2 3 4 |  4.5
Fighting       | |  3.4
Armour         | |  3.4
Shields        | |  3.4

Action                   |  1- 3 |  4- 6 || total
-------------------------+-------+-------++-------
Melee: War axe           |   131 |    62 ||   193
  Use: Potion            |       |     1 ||     1
Armor: Scale mail        |    77 |    44 ||   121
Dodge: Dodged            |    87 |    55 ||   142
Block: Buckler           |    16 |    17 ||    33
